 Dungeon Crawl Stone Soup version 0.20.1-1-g8b1a95d (webtiles) character file.

350 dohliylev the Covert (level 6, -5/41 HPs)
             Began as a Vampire Enchanter on July 9, 2017.
             Killed from afar by an orc wizard (11 damage)
             ... with a magic dart
             ... on level 4 of the Dungeon.
             The game lasted 00:18:51 (3808 turns).

dohliylev the Covert (Vampire Enchanter)            Turns: 3808, Time: 00:18:52

Health: -5/41      AC:  2    Str:  7    XL:     6   Next: 34%
Magic:  1/9        EV: 13    Int: 19    God:
Gold:   238        SH:  0    Dex: 15    Spells: 1/9 levels left

rFire    . . .     SeeInvis +   a - +1 dagger
rCold    . . .     Gourm    .   (no shield)
rNeg     + + .     Faith    .   b - +0 robe
rPois    .         Spirit   .   (no helmet)
rElec    .         Reflect  .   (no cloak)
rCorr    .         Harm     .   (no gloves)
MR       .....                  (no boots)
Stlth    ++++......             (no amulet)
Regen    0.2/turn               e - ring of positive energy
MPRegen  0.2/turn               g - ring of wizardry

@: no status effects
A: fangs 3, see invisible, unbreathing
a: Bat Form


You were on level 4 of the Dungeon.
You were not thirsty.

You visited 1 branch of the dungeon, and saw 4 of its levels.

You collected 238 gold pieces.

Inventory:

Hand Weapons
 a - a +1 dagger (weapon)
Armour
 b - a +0 robe (worn)
 m - a cursed +0 leather armour
Jewellery
 e - a ring of positive energy (left hand)
 g - a ring of wizardry (right hand)
 w - a +4 ring of strength {unknown}
Wands
 u - a wand of acid (8/15)
Scrolls
 i - a scroll of fog {unknown}
 j - 7 scrolls of identify {unknown}
 l - 2 scrolls of fear {unknown}
 n - 2 scrolls of remove curse {unknown}
 o - 3 scrolls of immolation {unknown}
 p - a scroll of teleportation {unknown}
 q - 3 scrolls of enchant weapon {unknown}
 t - a scroll of amnesia {unknown}
Potions
 d - 12 potions of blood
 f - 2 potions of magic {unknown}
 h - 3 potions of might {unknown}
 k - a potion of ambrosia {unknown}
 s - a potion of invisibility {unknown}
 v - a potion of curing {unknown}
Books
 c - a book of Maledictions

   Spells                             Type                      Level
   a - Corona                         Hexes                        1
   b - Ensorcelled Hibernation        Hexes/Ice                    2
   c - Confuse                        Hexes                        3
   d - Tukima's Dance                 Hexes                        3
   e - Dazzling Spray                 Conjuration/Hexes            3
 r - a book of Minor Magic

   Spells                             Type                      Level
   a - Magic Dart                     Conjuration                  1
   b - Blink                          Translocation                2
   c - Call Imp                       Summoning                    2
   d - Slow                           Hexes                        2
   e - Conjure Flame                  Conjuration/Fire             3
   f - Mephitic Cloud                 Conjuration/Poison/Air       3


   Skills:
 + Level 4.8 Short Blades
 - Level 2.1 Dodging
 - Level 8.1 Stealth
 - Level 2.0 Spellcasting
 - Level 4.4 Hexes
 - Level 1.3 Translocations


You had one spell level left.
You knew the following spells:

 Your Spells              Type           Power        Failure   Level  Hunger
a - Corona                Hex            ###....      1%          1    #......
b - Ensorcelled Hibernat  Hex/Ice        ##....       4%          2    ###....
c - Confuse               Hex            ###.....     3%          3    ###....
d - Blink                 Tloc           N/A          6%          2    ###....


Dungeon Overview and Level Annotations

Branches:
Dungeon (4/15)
 Temple: D:4-7

Altars:
Gozag
Ru
Uskayaw

Annotations:
D:4 Agrougrou's ghost, amateur DsMo


Innate Abilities, Weirdness & Mutations

You have razor-sharp teeth.
You have supernaturally acute eyesight. (SInv)
You can survive without breathing.


Message History

The puff of flame hits you!
You're too confused to move!
The orc wizard points at you and mumbles some strange words.
You resist with some effort.
One of your 13 potions of blood rots away.
The orc wizard casts a spell at you. The puff of flame hits you!
The orc priest calls down the wrath of Beogh upon you.
You struggle to resist.
You feel less confused.
The orc priest looks satisfied for a moment.
The orc wizard points at you and mumbles some strange words.
The magic dart hits you!
Okay, then.
The orc wizard casts a spell at you. The puff of flame hits you!
* * * LOW HITPOINT WARNING * * *
The orc wizard points at you and mumbles some strange words.
The magic dart hits you!
You die...

#.##......................
####.##...........##.........
..........รท.......##.....W...
##.....###..................#
....#........<)..###.#.....#
....#......##.#### #...####
#........(......######.####
....##.....#####..........#
...........o.###@.........#
#...######..o.............#
#...# ####..#..........# #...#
##............# #...#
###..........# #...#
#<.........# #####
#..........# #..........#
#..........#


You could see an orc wizard.

Vanquished Creatures
  An ogre (D:4)
  A hound (D:4)
  2 orc wizards (D:3)
  An orc priest (D:3)
  A gnoll (D:4)
  6 adders
  An ooze (D:2)
  2 worms (D:2)
  4 dart slugs (D:2)
  A leopard gecko (D:3)
  6 orcs (D:3)
  4 giant cockroaches
  7 goblins
  12 hobgoblins
  2 quokkas
  5 ball pythons
  6 bats
  7 frilled lizards
  5 kobolds
  2 rats
76 creatures vanquished.

Notes
Turn   | Place    | Note
-------+----------+-------------------------------------------
     0 | D:1      | dohliylev the Vampire Enchanter began the quest for the Orb.
     0 | D:1      | Reached XP level 1. HP: 13/13 MP: 3/3
   164 | D:1      | Reached skill level 5 in Stealth
   486 | D:1      | Reached XP level 2. HP: 15/19 MP: 3/5
   490 | D:1      | Learned a level 2 spell: Ensorcelled Hibernation
   857 | D:1      | Reached skill level 6 in Stealth
  1285 | D:2      | Reached XP level 3. HP: 24/24 MP: 6/6
  1336 | D:2      | Learned a level 3 spell: Confuse
  1359 | D:2      | Reached skill level 7 in Stealth
  1591 | D:2      | Reached XP level 4. HP: 28/30 MP: 0/7
  1960 | D:2      | Reached skill level 8 in Stealth
  2454 | D:3      | Found a hide-covered altar of Uskayaw.
  2460 | D:3      | Reached XP level 5. HP: 35/35 MP: 6/8
  2476 | D:3      | Learned a level 2 spell: Blink
  3265 | D:3      | Reached skill level 1 in Translocations
  3309 | D:3      | Found an opulent altar of Gozag.
  3309 | D:3      | Found a sacrificial altar of Ru.
  3526 | D:4      | Noticed Agrougrou's ghost (amateur DsMo)
  3559 | D:4      | Noticed an ogre
  3566 | D:4      | Killed an ogre
  3566 | D:4      | Reached XP level 6. HP: 41/41 MP: 2/9
  3808 | D:4      | Killed from afar by an orc wizard

Skill      XL: |  1  2  3  4  5 |
---------------+----------------+-----
Stealth        | 5 6 7 8 |  8.1
Short Blades   | 2 4 |  4.8
Translocations | 1 |  1.3
Dodging        | |  2.1
Spellcasting   | |  2.0
Hexes          | |  4.4

Action                   |  1- 3 |  4- 6 || total
-------------------------+-------+-------++-------
Melee: Dagger            |    67 |    85 ||   152
       Bite              |     5 |     6 ||    11
 Cast: Corona            |     9 |     1 ||    10
       Ensorcelled Hiber |    19 |    54 ||    73
       Blink             |       |     2 ||     2
 Abil: End Transformatio |       |     3 ||     3
       Bat Form          |       |     3 ||     3
 Stab: Sleeping          |    19 |    41 ||    60
  Eat: Corpse            |     6 |    10 ||    16
Armor: Robe              |    11 |     4 ||    15
Dodge: Dodged            |    35 |    70 ||   105
